 Dungeon Crawl Stone Soup version 0.19-a0-1057-g15bb84d (webtiles) character file.

35 JustSomeDude the Skirmisher (level 3, -7/29 HPs)
             Began as a Demonspawn Fighter on Aug 2, 2016.
             Mangled by a gnoll
             ... wielding a +0 halberd
              (9 damage)
             ... on level 2 of the Dungeon.
             The game lasted 00:02:14 (1119 turns).

JustSomeDude the Skirmisher (Demonspawn Fighter)    Turns: 1119, Time: 00:02:15

Health: -7/29      AC: 12    Str: 17    XL:     3   Next: 17%
Magic:  3/3        EV:  7    Int:  9    God:
Gold:   54         SH:  0    Dex: 15    Spells: 0 memorised, 2 levels left

rFire  . . .     SeeInvis .     a - +0 war axe
rCold  . . .     Gourm    .     b - +0 scale mail
rNeg   . . .     Faith    .     c - +0 shield
rPois  .         Spirit   .     (no helmet)
rElec  .         Dismiss  .     (no cloak)
rCorr  .         Reflect  .     i - +1 pair of gloves {Dex+3}
SustAt .         Harm     .     j - +0 pair of boots
MR     .....                    (no amulet)
Stlth  ..........               (no ring)
                                (no ring)

@: confused, not resistant to hostile enchantments, extremely unstealthy
A: icy blue scales 1
a: no special abilities


You were on level 2 of the Dungeon.
You were not hungry.

You visited 1 branch of the dungeon, and saw 2 of its levels.

You collected 54 gold pieces.

Inventory:

Hand Weapons
 a - a +0 war axe (weapon)
Armour
 b - a +0 scale mail (worn)
 c - a +0 shield (worn)
 i - a +1 pair of gloves of dexterity (worn)
 j - a +0 pair of boots (worn)
Jewellery
 l - a +2 ring of intelligence {unknown}
Scrolls
 e - a scroll of remove curse {unknown}
 g - a scroll of teleportation {unknown}
 n - a scroll of random uselessness {unknown}
Potions
 h - a potion of beneficial mutation {unknown}
Comestibles
 f - 2 bread rations
 k - a slice of pizza
 m - a chunk of flesh


   Skills:
 + Level 3.4 Fighting
 + Level 1.7 Axes
 + Level 3.1 Armour
 + Level 0.5 Dodging
 + Level 0.2 Stealth
 + Level 3.0 Shields


You had 2 spell levels left.
You didn't know any spells.

Dungeon Overview and Level Annotations

Branches:
Dungeon (2/15)

Altars:

Annotations:
D:2 Sigmund


Innate Abilities, Weirdness & Mutations

You are partially covered in icy blue scales. (AC +2)


Message History

Found a spear and 11 gold pieces.
A gnoll comes into view. It is wielding a halberd.
Sigmund closely misses you.
There is a large open door here.
You closely miss Sigmund.
Sigmund is almost dead.
The gnoll shouts!
Sigmund barely misses you.
You feel a little less mighty now. The giant newt closely misses you.
The giant newt bites you but does no damage.
Sigmund gestures at you while chanting. You resist with significant effort.
You bump into the rock wall.
The giant gecko barely misses you. The gnoll barely misses you.
The giant newt barely misses you. Sigmund closely misses you.
The giant gecko bites you but does no damage.
The giant newt barely misses you.
The gnoll hits you from afar with a halberd!
You die...

...............##########
.##............# #....
#............# #.....
#............# #......
#....(.......###.......
#............##........
#............#.........
#............#.l.......
#............#@l.....#.
##.######.@..g....$#
#.'.......)# ###.......#.
#......... #.........
##........ #...... #.....


You could see Sigmund, a gnoll, a giant gecko and a giant newt.

Vanquished Creatures
  An adder (D:2)
  A giant gecko (D:2)
  3 bats
  A giant cockroach (D:1)
  4 goblins
  3 hobgoblins (D:1)
  3 giant newts (D:1)
  3 kobolds (D:1)
  4 rats
23 creatures vanquished.

Notes
Turn   | Place    | Note
-------+----------+-------------------------------------------
     0 | D:1      | JustSomeDude the Demonspawn Fighter began the quest for the Orb.
     0 | D:1      | Reached XP level 1. HP: 18/18 MP: 1/1
   269 | D:1      | Gained mutation: You are partially covered in icy blue scales. (AC +2) [demonic ancestry]
   269 | D:1      | Reached XP level 2. HP: 23/24 MP: 2/2
  1050 | D:2      | Reached XP level 3. HP: 17/29 MP: 3/3
  1081 | D:2      | Noticed Sigmund
  1112 | D:2      | HP: 1/29 [Sigmund/scythe (1)]
  1119 | D:2      | Mangled by a gnoll

Vault maps used:
D:1:      nicolae_arrival_somewhat_less_tricky_arrival
D:2:      kennysheep_big_flooded_room, kennysheep_generic_room_10, uniq_sigmund

Skill      XL: |  1  2 |
---------------+-------+-----
Shields        | 3 |  3.0
Armour         | 3 |  3.1
Fighting       | |  3.4
Axes           | |  1.7
Dodging        | |  0.5
Stealth        | |  0.2

Action                   || total
-------------------------++-------
Melee: War axe           ||    87
  Use: Potion            ||     1
  Eat: Chunk             ||     1
Armor: Scale mail        ||    59
Dodge: Dodged            ||    25
Block: Shield            ||    40
